 Dungeon Crawl Stone Soup version 0.27-a0-1188-g73eefd5def (webtiles) character file.

Game seed: 2321322913264342644

5 Hamester5 the Covered (level 1, 0/19 HPs)
             Began as a Barachi Fighter on May 22, 2021.
             Slain by a hobgoblin (2 damage)
             ... on level 1 of the Dungeon.
             The game lasted 00:00:43 (109 turns).

Hamester5 the Covered (Barachi Fighter)              Turns: 109, Time: 00:00:44

Health: 0/19       AC:  7    Str: 17    XL:     1   Next: 80%
Magic:  1/1        EV:  7    Int:  8    God:
Gold:   0          SH:  9    Dex: 11    Spells: 0/0 levels left

rFire    . . .     SeeInvis .   a - +0 rapier
rCold    . . .     Faith    .   c - +0 kite shield
rNeg     . . .     Spirit   .   b - +0 scale mail
rPois    .         Reflect  .   (no helmet)
rElec    .         Harm     .   (no cloak)
rCorr    .         Rampage  .   (no gloves)
Will     .....                  (no boots)
Stlth    ..........             (no amulet)
HPRegen  0.06/turn              (no ring)
MPRegen  0.07/turn              (no ring)

@: slow
A: amphibious, slowness 1, strong legs 1, +LOS
a: Hop


You were on level 1 of the Dungeon.
You visited 1 branch of the dungeon, and saw 1 of its levels.

Inventory:

Hand Weapons
 a - a +0 rapier (weapon)
Armour
 b - a +0 scale mail (worn)
 c - a +0 kite shield (worn)
Potions
 d - a potion of might


   Skills:
 + Level 3.7 Fighting
 - Level 2.1(2.2) Short Blades
 * Level 0.9(1.8) Long Blades
 + Level 3.7 Armour
 + Level 3.3 Shields


You couldn't memorise any spells.
You didn't know any spells.
Your spell library was empty.

Dungeon Overview and Level Annotations

Branches:
Dungeon (1/15)

Altars:


Innate Abilities, Weirdness & Mutations

You are amphibious.
You cover ground slowly.
You can hop short distances.
You have an extended range of vision and can be seen from far away.


Message History

HP restored.
A hobgoblin comes into view.
The hobgoblin shouts!
A frilled lizard and a quokka come into view.
Found 19 stones.
The hobgoblin hits you but does no damage.
You hit the hobgoblin but do no damage.
The hobgoblin hits you but does no damage.
You barely miss the hobgoblin. The hobgoblin barely misses you.
You hit the hobgoblin.
The hobgoblin is moderately wounded.
The quokka bites you. The hobgoblin hits you. You block the quokka's attack.
The hobgoblin hits you.
You closely miss the hobgoblin.
The hobgoblin is moderately wounded.
You block the quokka's attack. The frilled lizard barely misses you.
The hobgoblin hits you but does no damage.
You hit the hobgoblin but do no damage.
The hobgoblin is moderately wounded.
You block the quokka's attack. The frilled lizard barely misses you.
You block the hobgoblin's attack.
The quokka bites you but does no damage.
You hit the hobgoblin but do no damage.
The hobgoblin is moderately wounded.
The frilled lizard bites you but does no damage.
You block the hobgoblin's attack. You block the quokka's attack.
The frilled lizard bites you but does no damage.
You barely miss the hobgoblin.
The hobgoblin is moderately wounded.
The quokka bites you. You block the hobgoblin's attack. The quokka bites you.
* * * LOW HITPOINT WARNING * * *
The frilled lizard bites you but does no damage.
You block the hobgoblin's attack.
You hit the hobgoblin.
The hobgoblin is moderately wounded.
The quokka bites you but does no damage.
The frilled lizard bites you.
* * * LOW HITPOINT WARNING * * *
The hobgoblin hits you.
You die...

..
#....##...######
#....##...#
#....##...#
#.......###
#.......#
###.....#
#.....#
#.....######.(..
#......@g.......
####...lr.......
#..........##
#..........#
##...........
#...........
#...........
#...........
............


You could see a quokka, a hobgoblin and a frilled lizard.

Vanquished Creatures
  An endoplasm (D:1)
  A giant cockroach (D:1)
  A hobgoblin (D:1)
  A quokka (D:1)
4 creatures vanquished.

Notes
Turn   | Place    | Note
-------+----------+-------------------------------------------
     0 | D:1      | Hamester5 the Barachi Fighter began the quest for the Orb.
     0 | D:1      | Reached XP level 1. HP: 18/18 MP: 1/1
   109 | D:1      | Slain by a hobgoblin

Illustrated notes

Levels and vault maps discovered:
D:1:      minmay_arrival_three_doors, layout_basic, basic_ecumenical_altar,
          st_stairs_4

Action                   || total
-------------------------++-------
Melee: Rapier            ||    16
Armor: Scale mail        ||    13
Dodge: Dodged            ||     4
Block: Kite shield       ||    12

Table legend: (Time is in decaauts)
 A = Elapsed time spent in this place.
 B = Non-inter-level travel time spent in this place.
 C = Inter-level travel time spent in this place.
 D = Time resting spent in this place.
 E = Time spent auto-exploring this place.
 F = Levels seen in this place.
 G = Mean time per level.
                   A        B        C        D        E       F      G
               +--------+--------+--------+--------+--------+-----+--------+
         Total |    120 |    120 |      0 |      0 |     87 |   1 |  120.0 |
       Dungeon |    120 |    120 |      0 |      0 |     87 |   1 |  120.0 |
               +--------+--------+--------+--------+--------+-----+--------+

Top non-repeatable levels by time:
     D:1: 120 daAuts
